Unix NetHack Version 3.7.0-94 Work-in-progress - last build Dec 18 2023 00:11:04 (7e3deff068b9ef4f2ebb9a71ea0f5c4a3b578a14,branch:master). Game began 2023-12-24 11:41:02, ended 2023-12-24 20:25:06. Arasaka, chaotic female orcish Rogue --- --.--- |*...| --...| --- |....-- |..||.... ...... |..--.-- -.......---.. --....| ..#....@..%.... ---- -....-- ..>.- .G----.^---..--- --..|.-- ..... -........-- |..---- ..... --)....*.- |.-- ..... .......... -----.| .... -.....-..-- --.....| ... ....-#----...*-- ...[.*....<..| -....--....-- -.^ Arasaka the Cutpurse St:14 Dx:17 Co:15 In:12 Wi:10 Ch:7 Chaotic Dlvl:4 $:381 HP:0(28) Pw:17(17) AC:5 Xp:4/115 T:1154 Hungry Latest messages: You throw 2 orcish daggers. The 1st orcish dagger hits the gnome. You kill the gnome! Korone eats a partly eaten gnome corpse. You materialize in a different location! You descend the stairs. You climb up the stairs. In what direction? You throw 2 orcish daggers. The 1st orcish dagger hits the gnome lord. The 2nd orcish dagger hits the gnome lord. The gnome lord reads a scroll labeled YUM YUM! In what direction? You throw 2 orcish daggers. The 1st orcish dagger hits the gnome lord. The 2nd orcish dagger hits the gnome lord. The gnome lord throws an orcish dagger! An orcish dagger misses you. In what direction? The orcish dagger hits the gnome lord. In what direction? You kill the gnome lord! The gnome lord shoots 3 crossbow bolts! You are hit by the 1st crossbow bolt. The 2nd crossbow bolt misses you. You are hit by the 3rd crossbow bolt. p - 2 uncursed +0 orcish daggers (at the ready) (4 in total). You see here a gnome lord corpse. p - 4 uncursed +0 orcish daggers (at the ready) (8 in total). You see here a gnome lord corpse. p - an uncursed +0 orcish dagger (at the ready) (9 in total). The gnome lord thrusts one of his orcish daggers. The gnome lord hits! You miss the gnome lord. The gnome lord thrusts one of his orcish daggers. The gnome lord hits! You hit the gnome lord. The gnome lord thrusts one of his orcish daggers. The gnome lord hits! You are beginning to feel hungry. You hit the gnome lord. The gnome lord thrusts one of his orcish daggers. The gnome lord hits! You hit the gnome lord. The gnome lord thrusts one of his orcish daggers. The gnome lord hits! You miss the gnome lord. The gnome lord thrusts one of his orcish daggers. The gnome lord hits! You die... Inventory: Coins ('$') $ - 381 gold pieces Weapons (')') s - an uncursed +0 dagger p - 9 uncursed +0 orcish daggers (at the ready) a - an uncursed +0 orcish short sword (weapon in right hand) Armor ('[') i - an uncursed +0 robe (being worn) c - an uncursed +1 leather armor (being worn) Comestibles ('%') n - 2 cursed food rations k - an uncursed orange g - 3 uncursed tripe rations h - an uncursed rotten tin of kobold meat Scrolls ('?') o - an uncursed scroll of stinking cloud Potions ('!') j - 2 uncursed potions of healing d - an uncursed potion of sickness Rings ('=') l - an uncursed ring of regeneration (on left hand) q - an uncursed ring of searching Wands ('/') r - an uncursed wand of undead turning (0:3) Tools ('(') f - an empty uncursed sack e - an uncursed lock pick t - an uncursed +0 pick-axe Gems/Stones ('*') m - an uncursed fluorite stone Arasaka the Rogue's attributes: Background: You were a Cutpurse, a level 4 female orcish Rogue. You were chaotic, nominally on a mission for Kos who was opposed by Issek (lawful) and Mog (neutral). You were right-handed. You were in the Gnomish Mines, on level 4. You entered the dungeon 1154 turns ago. You had 115 experience points, 45 more were needed to attain level 5. Basics: You had 0 out of 28 hit points. You had all 17 energy points (spell power). Your armor class was 5. Your wallet contained 381 zorkmids. Autopickup was on for '$"?' plus thrown, with exceptions. Final Characteristics: Your strength was 14 (limit:18/50). Your dexterity was 17 (limit:18). Your constitution was 15 (limit:18). Your intelligence was 12 (limit:16). Your wisdom was 10 (limit:16). Your charisma was 7 (limit:16). Final Status: You were hungry. You were unencumbered. You were wielding a short sword. You had basic skill with short sword. Final Attributes: You were devoutly aligned. You were poison resistant. You had infravision. You were stealthy. You regenerated. You were guarded. You are dead. Miscellaneous: You disabled loading of bones levels. Total elapsed playing time was 7 minutes and 32 seconds. Major events: Turn 1: Arasaka the chaotic female orcish Rogue entered the dungeon 563: entered the Gnomish Mines 949: attained the rank of Cutpurse (level 3) 1154: killed by a gnome lord Vanquished creatures: 2 shriekers 2 gnome leaders a dwarf a giant rat 6 gnomes a gecko 4 jackals a goblin a grid bug 2 bats 3 lichens a kobold zombie 6 newts 31 creatures vanquished. No species were genocided or became extinct. Voluntary challenges: You were an atheist. You read items or engraved 4 times. You never engraved Elbereth. You never genocided any monsters. You never polymorphed an object. You never changed form. You used no wishes. Achievements: You entered a shop. You entered the Gnomish Mines. You attained the rank of Cutpurse. The Dungeons of Doom: levels 1 to 4 Level 1: A fountain. Level 2: A scroll shop. Level 3: "v" Some fountains. Stairs down to The Gnomish Mines. Level 4: A fountain. The Gnomish Mines: levels 4 to 5 Level 4: <- You were here. Final resting place for you, killed by a gnome lord. Level 5: Game over: ---------- / \ / REST \ / IN \ / PEACE \ / \ | Arasaka | | 381 Au | | killed by a | | gnome lord | | | | | | 2023 | *| * * * | * _________)/\\_//(\/(/\)/\//\/|_)_______ Goodbye Arasaka the Rogue... You died in The Gnomish Mines on dungeon level 4 with 1013 points, and 381 pieces of gold, after 1154 moves. You were level 4 with a maximum of 28 hit points when you died.